AoeStats
← Я не понимаю

Arena

509426291Analyzed
4v4 RM · 7d ago on Sep 26, 2026· 82m 45s· 8 players
Game mode
Random Map
Map size
Large (8 player)
Population
200
Speed
Normal
Resources
Standard
Victory
Conquest
Starting age
Dark Age
Ending age
Imperial Age
RankedLock teamsTeams togetherTeam positionsShared explorationLock speedFull tech treeHidden civsTurbo modeCheats
Victory
Defeat
🇹🇷 Mongols · Türkiye
1081
+11
🇹🇷 Maya · Türkiye
1038
+12
🇹🇷 Cumans · Türkiye
993
+14
🇹🇷 Armenians · Türkiye
932
+16
🇩🇪 Chinese · Germany
975
-14
🇩🇪 Mongols · Germany
966
-14
🇬🇧 Goths · United Kingdom
951
-13
🇫🇷 Romans · France
918
-12
Я не понимаю
10:26 Feudal Age
15:47 Castle Age
14:02 Stone Mining
15:05 Double-Bit Axe
15:57 Horse Collar
19:18 Bow Saw
20:38 Padded Archer Armor
21:02 Fletching
21:48 Leather Archer Armor
22:53 Wheelbarrow
22:52 Bodkin Arrow
24:12 Hand Cart
24:58 Heavy Plow
25:28 Gold Mining
33:08 Imperial Age
33:34 Ballistics
36:01 Two-Man Saw
36:18 Elite Chu Ko Nu
36:47 Pikeman
37:28 Squires
37:56 Halberdier
39:46 Chemistry
40:19 Ring Archer Armor
39:52 Scale Mail Armor
40:02 Forging
43:05 Gold Shaft Mining
43:06 Stone Shaft Mining
44:48 Bracer
45:04 Chain Mail Armor
45:24 Iron Casting
57:36 Elite Skirmisher
67:41 Plate Mail Armor
68:11 Blast Furnace
72:15 Scale Barding Armor
73:22 Bloodlines
73:13 Husbandry
72:33 Light Cavalry
Drumstein
0:36 Loom
0:39 Loom
11:17 Feudal Age
11:59 Double-Bit Axe
12:19 Horse Collar
18:04 Castle Age
17:33 Bloodlines
19:33 Wheelbarrow
19:28 Husbandry
23:31 Light Cavalry
25:48 Bow Saw
33:14 Imperial Age
30:39 Town Watch
31:26 Forging
31:36 Nomads
33:20 Thumb Ring
34:28 Ballistics
34:19 Masonry
34:06 Murder Holes
36:46 Conscription
35:57 Hussar
37:11 Heavy Plow
36:55 Heavy Camel Rider
42:27 Chemistry
44:45 Hoardings
44:31 Fletching
44:47 Scale Barding Armor
45:19 Iron Casting
46:06 Caravan
46:33 Elite Steppe Lancer
46:52 Elite Skirmisher
48:53 Elite Mangudai
50:46 Bodkin Arrow
52:46 Bracer
53:46 Blast Furnace
52:47 Padded Archer Armor
52:53 Scale Barding Armor
55:40 Drill
60:45 Heavy Cavalry Archer
61:50 Parthian Tactics
61:36 Capped Ram
65:10 Siege Ram
73:52 Leather Archer Armor
73:58 Chain Barding Armor
76:08 Hand Cart
80:29 Masonry
X
10:22 Feudal Age
11:19 Double-Bit Axe
16:22 Castle Age
15:16 Horse Collar
15:27 Gold Mining
17:34 Town Watch
18:24 Bow Saw
20:31 Heavy Plow
21:24 Fletching
22:18 Wheelbarrow
22:30 Town Watch
22:31 Loom
23:40 Gold Shaft Mining
22:31 Elite Skirmisher
24:27 Bodkin Arrow
24:54 Ballistics
24:26 Loom
24:45 Stone Mining
24:24 Man-at-Arms
25:09 Padded Archer Armor
27:04 Hand Cart
31:25 Imperial Age
29:19 Long Swordsman
30:15 Bloodlines
30:06 Husbandry
31:35 Squires
31:49 Forging
31:55 Leather Archer Armor
31:06 Light Cavalry
31:38 Legionary
33:45 Chemistry
32:15 Pikeman
34:55 Scale Barding Armor
35:36 Ring Archer Armor
37:45 Crop Rotation
37:26 Capped Ram
37:39 Halberdier
40:06 Scale Mail Armor
41:49 Chain Mail Armor
43:37 Cavalier
45:20 Iron Casting
44:58 Masonry
49:55 Blast Furnace
53:31 Architecture
ben.jack.beevers
0:27 Loom
10:54 Feudal Age
16:21 Castle Age
16:09 Double-Bit Axe
16:07 Horse Collar
16:23 Gold Mining
19:46 Wheelbarrow
19:07 Stone Mining
20:12 Bow Saw
21:01 Heavy Plow
23:19 Hand Cart
31:16 Imperial Age
29:23 Forging
29:14 Scale Mail Armor
29:04 Fletching
29:20 Squires
30:58 Iron Casting
30:35 Anarchy
33:04 Chemistry
32:25 Ballistics
31:49 Treadmill Crane
32:20 Masonry
32:28 Chain Mail Armor
32:38 Conscription
32:19 Perfusion
32:50 Elite Huskarl
34:41 Blast Furnace
35:03 Pikeman
35:22 Halberdier
42:20 Bodkin Arrow
42:58 Architecture
42:26 Murder Holes
46:11 Bracer
46:12 Padded Archer Armor
47:39 Crop Rotation
48:30 Two-Man Saw
47:07 Elite Skirmisher
51:39 Leather Archer Armor
51:32 Capped Ram
Kori
10:06 Feudal Age
14:21 Castle Age
12:18 Double-Bit Axe
12:58 Horse Collar
16:42 Loom
18:51 Town Watch
20:57 Stone Mining
21:30 Bow Saw
22:47 Wheelbarrow
24:04 Hand Cart
24:18 Town Patrol
26:28 Heavy Plow
27:01 Fortified Wall
30:41 Imperial Age
28:04 Fletching
28:15 Padded Archer Armor
28:19 Nomads
29:11 Bodkin Arrow
29:19 Murder Holes
30:35 Stone Shaft Mining
29:51 Gold Mining
30:58 Ballistics
30:51 Masonry
31:10 Leather Archer Armor
30:58 Onager
32:21 Conscription
33:22 Gold Shaft Mining
33:11 Elite Mangudai
34:34 Siege Onager
36:30 Bracer
37:31 Chemistry
37:55 Siege Engineers
42:27 Capped Ram
44:38 Coinage
45:54 Banking
49:49 Parthian Tactics
49:31 Thumb Ring
49:29 Husbandry
49:40 Bloodlines
50:09 Thumb Ring
54:29 Siege Ram
56:02 Scale Barding Armor
56:08 Forging
56:54 Light Cavalry
57:56 Chain Barding Armor
58:11 Iron Casting
58:29 Hussar
69:54 Caravan
71:33 Blast Furnace
Bira+Fistik
11:50 Feudal Age
15:52 Castle Age
14:09 Double-Bit Axe
14:07 Horse Collar
17:31 Bow Saw
21:21 Scale Mail Armor
23:11 Man-at-Arms
24:29 Long Swordsman
25:22 Two-Handed Swordsman
25:30 Pikeman
28:40 Squires
30:40 Chain Mail Armor
30:21 Gambesons
31:48 Champion
33:50 Forging
33:05 Halberdier
37:02 Iron Casting
37:50 Gold Mining
41:35 Imperial Age
39:42 Wheelbarrow
42:00 Onager
44:57 Conscription
44:46 Fereters
45:15 Heavy Scorpion
48:07 Plate Mail Armor
52:08 Blast Furnace
51:53 Stone Mining
52:10 Arson
59:56 Coinage
61:56 Caravan
63:38 Chemistry
65:04 Murder Holes
68:26 Loom
73:36 Capped Ram
medikinette
0:33 Loom
10:26 Feudal Age
15:24 Castle Age
13:15 Double-Bit Axe
24:01 Fortified Wall
26:41 Imperial Age
28:41 Pikeman
29:53 Padded Archer Armor
29:44 Fletching
34:13 Town Watch
35:38 Eagle Warrior
37:09 Wheelbarrow
37:09 Scale Mail Armor
37:19 Forging
38:24 Hand Cart
38:49 Ballistics
39:03 Chain Mail Armor
39:54 Squires
39:59 Town Patrol
41:28 Plate Mail Armor
41:52 Bow Saw
41:30 Horse Collar
42:44 Bodkin Arrow
44:02 Holcans
43:22 Elite Skirmisher
44:18 Heavy Plow
44:59 Leather Archer Armor
45:56 Chemistry
46:01 Elite Eagle Warrior
48:00 Bracer
49:29 Hul'che Javelineers
51:30 Ring Archer Armor
51:36 Iron Casting
50:56 Halberdier
53:21 Guilds
53:41 Coinage
53:12 Caravan
54:24 Hoardings
54:27 Sappers
55:50 Banking
56:37 Crop Rotation
57:10 Two-Man Saw
68:05 Blast Furnace
70:29 Capped Ram
71:33 Siege Ram
ImJoker
9:07 Feudal Age
15:00 Double-Bit Axe
18:23 Wheelbarrow
17:45 Town Watch
21:22 Castle Age
20:42 Horse Collar
24:20 Heavy Plow
24:35 Bow Saw
28:57 Imperial Age
27:11 Scale Barding Armor
27:18 Forging
27:02 Gold Mining
27:51 Hand Cart
28:15 Bloodlines
28:30 Chain Barding Armor
29:19 Iron Casting
29:16 Cavalier
31:19 Plate Barding Armor
31:58 Blast Furnace
30:37 Paladin
66:31 Light Cavalry
69:18 Hussar
Connection lost

Rejoining the realm…

Still unreachable

The connection could not be restored.

Session expired

The server has moved on; the page needs a fresh start.